 Dungeon Crawl Stone Soup version 0.27-b1-16-g6517624069 (webtiles) character file.

Game seed: 15331603423760439559

1250 seveneves the Slasher (level 8, 0/70 HPs)
             Began as a Minotaur Fighter on July 26, 2021.
             Slain by a killer bee zombie (1 damage)
             ... on level 6 of the Dungeon.
             The game lasted 00:14:38 (3490 turns).

seveneves the Slasher (Minotaur Fighter)            Turns: 3490, Time: 00:14:38

Health: 0/70       AC:  8    Str: 27 (30) XL:     8   Next: 26%
Magic:  7/7        EV:  9    Int:  2 (5)  God:
Gold:   177        SH: 12    Dex:  7 (9)  Spells: 7/7 levels left

rFire    . . .     SeeInvis .   a - +1 long sword
rCold    . . .     Faith    .   c - +1 kite shield
rNeg     . . .     Spirit   .   b - +0 scale mail
rPois    .         Reflect  .   (helmet restricted)
rElec    .         Harm     .   (no cloak)
rCorr    .         Rampage  .   i - +0 pair of gloves
Will     .....                  (no boots)
Stlth    ..........             g - amulet of magic regeneration
HPRegen  0.21/turn              f - +6 ring of strength
MPRegen  0.35/turn              j - ring of flight

@: flying, studying Axes
A: horns 2, retaliatory headbutt
a: no special abilities


You were on level 6 of the Dungeon.
You visited 1 branch of the dungeon, and saw 6 of its levels.

You collected 177 gold pieces.

Inventory:

Hand Weapons
 a - a +1 long sword (weapon)
 d - a +0 halberd of distortion
 e - a +1 short sword of electrocution
Armour
 b - a +0 scale mail (worn)
 c - a +1 kite shield (worn)
 i - a +0 pair of gloves (worn)
 m - a +3 leather armour
Jewellery
 f - a +6 ring of strength (left hand)
 g - an amulet of magic regeneration (around neck)
 j - a ring of flight (right hand)
 n - a ring of resist corrosion
Wands
 k - a wand of flame (6) (quivered)
Scrolls
 h - 2 scrolls of identify


   Skills:
 + Level 5.8 Fighting
 + Level 7.1 Long Blades
 + Level 6.1 Armour
 + Level 3.3 Dodging
 + Level 0.2 Stealth
 + Level 6.6 Shields
 + Level 1.2 Unarmed Combat
 + Level 0.1 Evocations


You had 7 spell levels left.
You didn't know any spells.
Your spell library contained the following spells:

 Spells                   Type           Power      Damage    Failure   Level
 Foxfire                  Conj/Fire      0%         2x1d4     99%         1
 Sublimation of Blood     Necr           0%         N/A       99%         2
 Wereblood                Tmut           0%         N/A       99%         2
 Call Canine Familiar     Summ           0%         N/A       100%        3
 Conjure Flame            Conj/Fire      0%         6-21      100%        3
 Gell's Gravitas          Tloc           0%         N/A       100%        3
 Inner Flame              Hex/Fire       0%         N/A       100%        3
 Portal Projectile        Hex/Tloc       0%         N/A       100%        3
 Teleport Other           Tloc           0%         N/A       100%        3
 Leda's Liquefaction      Hex/Erth       0%         N/A       100%        4
 Dispersal                Tloc           0%         N/A       100%        6
 Summon Hydra             Summ           0%         N/A       100%        7


Dungeon Overview and Level Annotations

Branches:
Dungeon (6/15)             Temple (0/1) D:6

Altars:

Shops:
D:1 ?   D:3 !   D:4 (

Annotations:
D:4 2 transporters, WaxSun's ghost, amateur DjWz


Innate Abilities, Weirdness & Mutations

You have a pair of horns on your head.
You reflexively headbutt those who attack you in melee.


Message History

You block the bullfrog's attack.
An iguana comes into view.
The killer bee zombie hits you.
* * * LOW HITPOINT WARNING * * *
The bullfrog hits you.
* * * LOW HITPOINT WARNING * * *
The iguana hisses angrily.
You slash the killer bee zombie!
The killer bee zombie is severely damaged.
You block the killer bee zombie's attack.
The bullfrog barely misses you.
The killer bee zombie barely misses you.
You block the orc's attack.
The bullfrog hits you but does no damage.
You barely miss the killer bee zombie.
Your headbutt misses the killer bee zombie.
The killer bee zombie is severely damaged.
The killer bee zombie hits you but does no damage.
You block the bullfrog's attack.
The killer bee zombie barely misses you.
You furiously retaliate!
You headbutt the killer bee zombie. The orc barely misses you.
You block the bullfrog's attack. The orc hits you with a +0 short sword.
* * * LOW HITPOINT WARNING * * *
The killer bee zombie hits you but does no damage.
Your shield and scale mail prevent you from hitting the killer bee zombie.
The killer bee zombie is almost destroyed.
You block the killer bee zombie's attack.
You block the bullfrog's attack. The orc closely misses you.
The killer bee zombie hits you.
* * * LOW HITPOINT WARNING * * *
You hit the killer bee zombie.
Your headbutt misses the killer bee zombie.
The killer bee zombie is almost destroyed.
You block the bullfrog's attack.
You block the killer bee zombie's attack.
You block the bullfrog's attack. The orc hits you with a +0 short sword.
* * * LOW HITPOINT WARNING * * *
The killer bee zombie hits you.
You die...

#.....8...8 .
#.(...8.>.8 ..
#.....8...
...##.....#88
.).........+ .
.......$...#...
.<....o...<.#
#lF@Z.(.#
#########


You could see a bullfrog, an iguana, an orc and a killer bee zombie.

Vanquished Creatures
  Sigmund (D:3)
  A water moccasin (D:5)
  An ice beast (D:5)
  A black bear (D:5)
  2 ogres
  3 scorpions (D:4)
  2 jellies
  A gnoll shaman (D:4)
  Jessica (D:3)
  A centaur skeleton (D:4)
  An iguana (D:4)
  Ijyb (D:3)
  2 orc wizards (D:4)
  A scorpion zombie (D:5)
  3 adders
  4 gnolls
  A white imp (D:5)
  An ufetubus (D:4)
  An adder skeleton (D:5)
  A worm (D:3)
  10 dart slugs
  7 orcs
  9 ball pythons
  4 endoplasms
  3 giant cockroaches
  3 goblins
  7 hobgoblins
  4 jackals
  6 quokkas
  3 bats
  4 frilled lizards
  9 kobolds
  5 rats
104 creatures vanquished.

Notes
Turn   | Place    | Note
-------+----------+-------------------------------------------
     0 | D:1      | seveneves the Minotaur Fighter began the quest for the Orb.
     0 | D:1      | Reached XP level 1. HP: 19/19 MP: 0/0
   109 | D:1      | Found Zeamiopn's Magic Scroll Emporium.
   361 | D:1      | Reached XP level 2. HP: 27/27 MP: 1/1
  1107 | D:2      | Reached XP level 3. HP: 29/33 MP: 2/2
  1198 | D:2      | You fall into a shaft and drop 2 floors!
  1215 | D:4      | Reached skill level 3 in Long Blades
  1215 | D:4      | Noticed a scorpion
  1218 | D:4      | Noticed an ogre
  1223 | D:4      | Reached XP level 4. HP: 17/40 MP: 3/3
  1230 | D:4      | Killed an ogre
  1231 | D:4      | Reached skill level 4 in Long Blades
  1231 | D:4      | Reached skill level 1 in Dodging
  1231 | D:4      | Reached XP level 5. HP: 41/47 MP: 4/4
  1249 | D:4      | Reached skill level 5 in Long Blades
  1268 | D:4      | Reached skill level 5 in Shields
  1268 | D:4      | Reached XP level 6. HP: 31/53 MP: 5/5
  1612 | D:4      | Reached skill level 5 in Armour
  1697 | D:3      | Noticed Jessica
  1720 | D:3      | Killed Jessica
  1721 | D:3      | Reached XP level 7. HP: 24/60 MP: 6/6
  1784 | D:3      | Found Ipsochos's Distillery.
  1860 | D:3      | Noticed Sigmund
  1870 | D:3      | Killed Sigmund
  1871 | D:3      | Reached skill level 5 in Fighting
  2099 | D:3      | You are sucked into a shaft and drop 1 floor!
  2113 | D:4      | Reached skill level 6 in Long Blades
  2176 | D:3      | Noticed Ijyb
  2225 | D:3      | Killed Ijyb
  2907 | D:4      | Found a transporter.
  2908 | D:4      | Noticed WaxSun's ghost (amateur DjWz)
  2910 | D:4      | Noticed a yak
  2916 | D:4      | Found a transporter.
  2971 | D:4      | Found Vaish's Antique Weapon Boutique.
  3218 | D:5      | Entered Level 5 of the Dungeon
  3262 | D:5      | Reached skill level 1 in Unarmed Combat
  3274 | D:5      | Reached XP level 8. HP: 10/69 MP: 7/7
  3462 | D:5      | Reached skill level 7 in Long Blades
  3483 | D:6      | Found a staircase to the Ecumenical Temple.
  3489 | D:6      | HP: 3/70 [killer bee zombie (3)]
  3490 | D:6      | HP: 1/70 [orc (3)]
  3490 | D:6      | Slain by a killer bee zombie

Illustrated notes

Levels and vault maps discovered:
D:1:      elethiomel_arrival_shortcut, layout_basic, serial_shops, shop,
          basic_ecumenical_altar
D:2:      minmay_spotlight, layout_basic
D:3:      layout_loops_ring, serial_shops, nicolae_square_shop, uniq_ijyb,
          uniq_sigmund, uniq_jessica
D:4:      kennysheep_slugbush, layout_basic, gammafunk_ghost_arena,
          serial_shops, shop, minmay_manual_mandibuliform
D:5:      layout_loops_cross, uniq_prince_ribbit1
D:6:      layout_gridville, minmay_temple_entry_statues

Skill      XL: |  1  2  3  4  5  6  7  8 |
---------------+-------------------------+-----
Fighting       | 4 5 |  5.8
Armour         | 4 5 6 |  6.1
Shields        | 4 5 6 |  6.6
Long Blades    | 3 4 5 6 7 |  7.1
Dodging        | 1 2 3 |  3.3
Unarmed Combat | 1 |  1.2
Stealth        | |  0.2
Evocations     | |  0.1

Action                   |  1- 3 |  4- 6 |  7- 9 || total
-------------------------+-------+-------+-------++-------
Melee: Long sword        |    64 |    94 |   100 ||   258
       Headbutt          |    14 |    22 |    26 ||    62
       Unarmed           |       |       |    46 ||    46
Evoke: Wand              |       |       |     8 ||     8
  Use: Scroll            |     2 |     2 |     3 ||     7
       Potion            |       |     5 |     1 ||     6
Armor: Scale mail        |    30 |    39 |    33 ||   102
Dodge: Dodged            |    27 |    32 |    74 ||   133
Block: Kite shield       |    41 |    78 |    65 ||   184
       Rpst.: Long sword |    11 |     5 |     8 ||    24
